 Dungeon Crawl Stone Soup version 0.31-a0-102-g33a4ccc0cb (webtiles) character file.

Game seed: 11940874940980755481

3483 Barriton the Destroyer (level 9, -11/68 HPs)
             Began as a Purple Draconian Conjurer on May 26, 2023.
             Was a Follower of Sif Muna.
             Mangled by Gastronok (33 damage)
             ... on level 9 of the Dungeon.
             The game lasted 00:20:02 (10075 turns).

Barriton the Destroyer (Purple Draconian Conjurer) Turns: 10075, Time: 00:20:03

Health: -11/68     AC: 10    Str:  9    XL:     9   Next: 79%
Magic:  0/20       EV: 12    Int: 23    God:    Sif Muna [*.....]
Gold:   463        SH:  0    Dex: 10    Spells: 12/23 levels left

rFire   . . .        c - staff of conjuration
rCold   . . .        (no shield)
rNeg    + . .        (body armour unavailable)
rPois   .            (helmet restricted)
rElec   .            p - +0 cloak
rCorr   .            t - +0 pair of gloves
SInv    .            h - +0 pair of boots
Will    +....        q - amulet of Crawling {Spirit rN+}
Stlth   ++           (no ring)
HPRegen 0.31/turn    (no ring)
MPRegen 0.17/turn

%: guardian spirit
@: no status effects
A: breathe power, AC +7, unfitting armour, cold-blooded
a: Breathe Dispelling Energy, Renounce Religion, Channel Magic


You were on level 9 of the Dungeon.
You worshipped Sif Muna.
Sif Muna was aware of your devotion.
You visited 2 branches of the dungeon, and saw 10 of its levels.

You collected 463 gold pieces.

Inventory:

Missiles
 k - 4 throwing nets
Armour
 h - a +0 pair of boots (worn)
 p - a +0 cloak (worn)
 t - a +0 pair of gloves (worn)
Magical Staves
 c - a staff of conjuration (weapon)
 u - a staff of cold
Jewellery
 q - the amulet of Crawling (around neck) {Spirit rN+}
   (You acquired it on level 5 of the Dungeon)

   [amulet of guardian spirit]

   It causes incoming damage to be divided between your reserves of health and
   magic.
   rN:        It protects you from negative energy.
 w - a ring of poison resistance
 x - an amulet of the acrobat
 y - an amulet of guardian spirit
Wands
 a - a wand of polymorph (13)
 b - a wand of mindburst (10)
 v - a wand of acid (4)
Scrolls
 e - 2 scrolls of noise
 f - 4 scrolls of teleportation
 j - a scroll of blinking
 n - a scroll of amnesia
 o - 2 scrolls of identify
 r - 2 scrolls of fog
 s - 2 scrolls of fear
Potions
 d - 2 potions of might
 g - 2 potions of enlightenment
 i - 2 potions of haste
 l - 2 potions of berserk rage
 m - 2 potions of heal wounds


   Skills:
 + Level 2.6 Fighting
 * Level 5.3 Staves
 - Level 1.9 Dodging
 - Level 1.9 Stealth
 - Level 0.1 Unarmed Combat
 + Level 7.5 Spellcasting
 * Level 10.2 Conjurations
 + Level 1.7 Earth Magic
 * Level 5.1 Evocations


You had 12 spell levels left.
You knew the following spells:

 Your Spells              Type           Power      Damage    Failure   Level
a - Magic Dart            Conj           100%       1d8       1%          1
b - Searing Ray           Conj           100%       2d8       1%          2
c - Iskenderun's Battles  Conj           70%        2d12      3%          5
d - Stone Arrow           Conj/Erth      94%        3d12      2%          3

Your spell library contained the following spells:

 Spells                   Type           Power      Damage    Failure   Level
 Dazzling Flash           Conj/Hex       82%        N/A       4%          3
 Hailstorm                Conj/Ice       41%        3d10      4%          3
 Freeze                   Ice            32%        1d5       8%          1
 Summon Small Mammal      Summ           32%        N/A       8%          1
 Sting                    Tmut/Pois      16%        1d3       11%         1
 Lesser Beckoning         Tloc           16%        N/A       11%         2
 Fulminant Prism          Conj/Hex       20%        3d12      13%         4
 Iskenderun's Mystic Bla  Conj/Tloc      41%        2d9       13%         4
 Poisonous Vapours        Pois/Air       8%         N/A       16%         2
 Cigotuvi's Dreadful Rot  Necr/Pois/Air  4%         N/A       19%         2
 Call Canine Familiar     Summ           8%         N/A       22%         3
 Frozen Ramparts          Ice            16%        1d3       22%         3
 Gell's Gravitas          Tloc           8%         N/A       22%         3
 Ozocubu's Armour         Ice            8%         N/A       22%         3
 Teleport Other           Tloc           8%         N/A       22%         3
 Summon Guardian Golem    Hex/Summ       4%         N/A       32%         3
 Ignite Poison            Fire/Tmut/Pois 2%         N/A       36%         3
 Fireball                 Conj/Fire      20%        3d10      36%         5
 Irradiate                Conj/Tmut      20%        3d18      36%         5
 Cause Fear               Hex            4%         N/A       58%         4
 Olgreb's Toxic Radiance  Pois           8%         N/A       58%         4
 Freezing Cloud           Conj/Ice/Air   13%        6-21      63%         5
 Orb of Destruction       Conj           35%        9d10      67%         7
 Anguish                  Hex/Necr       2%         N/A       71%         4
 Blade Hands              Tmut           4%         N/A       90%         5
 Conjure Ball Lightning   Conj/Air       20%        3x3d6     90%         6
 Metabolic Englaciation   Hex/Ice        2%         N/A       96%         5
 Simulacrum               Ice/Necr       2%         N/A       100%        6
 Dragon Form              Tmut           4%         N/A       100%        7
 Enfeeble                 Hex            4%         N/A       100%        7
 Lehudib's Crystal Spear  Conj/Erth      23%        10d7      100%        8
 Animate Armour           Summ/Erth      Unusable   N/A       N/A         4

Dungeon Overview and Level Annotations

Branches:
Dungeon (9/15)             Temple (1/1) D:6
   Lair: D:8-11         Orc: D:9-12

Altars:
Ashenzari
Cheibriados
Dithmenos
Elyvilon
Fedhas
Gozag
Hepliaklqana
Kikubaaqudgha
Makhleb
Nemelex Xobeh
Okawaru
Qazlal
Ru
Sif Muna
Trog
Uskayaw
Wu Jian
Xom
Yredelemnul
The Shining One

Shops:
D:6 *

Annotations:
D:9 Gastronok


Innate Abilities, Weirdness & Mutations

You can breathe bolts of dispelling energy.
Your rich purple scales are hard. (AC +7)
You cannot fit into any form of body armour.
You are cold-blooded and may be slowed by cold attacks.


Message History

You feel a surge of power!
The stone arrow hits Gastronok!!
Gastronok is moderately wounded.
You feel a surge of power!
The stone arrow hits Gastronok!
Gastronok is heavily wounded.
You don't have enough magic to cast this spell.
Okay, then.
Things that are here:
a +0 hand axe; 2 boomerangs You hit Gastronok.
Gastronok is heavily wounded.
You hit Gastronok but do no damage.
You blast Gastronok.
Gastronok is heavily wounded.
You hit Gastronok.
You blast Gastronok.
You tail-slap Gastronok.
Gastronok is heavily wounded.
Gastronok waves his eye-stalks in wide circles.
The air twists around and strikes you!!
* * * LOW HITPOINT WARNING * * *
You hit Gastronok but do no damage. You tail-slap Gastronok.
Gastronok is heavily wounded.
You feel much better.
Gastronok mumbles some strange words.
Gastronok puts on a burst of speed!
You completely miss Gastronok. You tail-slap Gastronok.
Gastronok is heavily wounded.
You hit Gastronok but do no damage.
Gastronok is heavily wounded.
Gastronok bites you.
You hit Gastronok but do no damage.
You tail-slap Gastronok, but do no damage.
Gastronok is heavily wounded.
You don't have enough magic to cast this spell.
You hit Gastronok.
Gastronok is heavily wounded.
Gastronok bites you!!
You hit Gastronok but do no damage.
You blast Gastronok.
Gastronok is severely wounded.
You hit Gastronok but do no damage. You tail-slap Gastronok.
Gastronok is severely wounded.
Gastronok bites you!!
You die...

#.#.# #>..#.###......#
#.#w# ###.#..........#
#.#.# #.#####......#
##########^#.# #.#
##....## .............#
#.# ##..##
.#########.#)## #.#
#..# .##
#...)######.#######..#
..#
##....)#..............#
#.#
#.....).@###.#######..#
'.#
#....)..w........)....#
#.#
#........##############
..#######..)...#.#
.......#.#))..##.#
.#####..###......# .#
###.#.####### ## #.#
#.#


You could see Gastronok (swift).

Vanquished Creatures
  A two-headed ogre (D:9)
  Maggie (D:9)
  Menkaure (D:4)
  A water moccasin (D:7)
  Pargi (D:4)
  An ice beast (D:5)
  An ogre (D:5)
  3 centaurs
  3 kobold brigands
  2 bullfrogs
  2 scorpions
  4 wights (D:8)
  2 gnoll sergeants
  4 killer bees (D:9)
  3 vampire bats (D:4)
  A howler monkey (D:6)
  A gnoll bouda (D:8)
  3 hounds
  A jelly (D:7)
  2 orc priests
  Crazy Yiuf (D:4)
  2 sleepcaps
  Ijyb (D:3)
  2 iguanas
  2 orc wizards (D:9)
  20 gnolls
  7 adders
  An ufetubus (D:5)
  3 dart slugs
  12 orcs
  8 bats
  3 bat skeletons (D:4)
  2 bat zombies (D:4)
  8 endoplasms
  5 giant cockroaches
  10 goblins
  7 hobgoblins
  3 quokkas
  10 ball pythons
  6 frilled lizards
  18 kobolds
  8 rats
177 creatures vanquished.

Notes
Turn   | Place    | Note
-------+----------+-------------------------------------------
     0 | D:1      | Barriton the Draconian Conjurer began the quest for the
                  | Orb.
     0 | D:1      | Reached XP level 1. HP: 14/14 MP: 3/3
   198 | D:1      | Reached XP level 2. HP: 20/20 MP: 3/5
   840 | D:1      | Reached XP level 3. HP: 26/26 MP: 2/6
   843 | D:1      | Learned a level 2 spell: Searing Ray
  1370 | D:2      | Reached skill level 5 in Conjurations
  1568 | D:2      | Reached XP level 4. HP: 33/33 MP: 3/7
  2317 | D:3      | Reached XP level 5. HP: 38/38 MP: 2/8
  2457 | D:3      | Found an ornate altar of the Wu Jian Council.
  2579 | D:3      | Noticed Ijyb
  2597 | D:3      | Killed Ijyb
  2598 | D:3      | Reached skill level 1 in Evocations
  2746 | D:3      | Reached skill level 6 in Conjurations
  3209 | D:4      | Noticed Menkaure
  3221 | D:4      | Killed Menkaure
  3222 | D:4      | Reached skill level 1 in Staves
  3222 | D:4      | Reached XP level 6. HP: 25/46 MP: 2/10
  3340 | D:4      | Found a hazy altar of Hepliaklqana.
  3481 | D:4      | Noticed Pargi
  3489 | D:4      | Killed Pargi
  3644 | D:4      | Found an ancient bone altar of Kikubaaqudgha.
  3673 | D:4      | Your scales start taking on a rich purple colour.
  3673 | D:4      | Reached XP level 7. HP: 42/51 MP: 11/13
  3697 | D:4      | Reached skill level 1 in Fighting
  3819 | D:4      | Reached skill level 7 in Conjurations
  4097 | D:4      | Found a runed translucent door.
  4098 | D:4      | Noticed Crazy Yiuf
  4104 | D:4      | Killed Crazy Yiuf
  4189 | D:5      | Entered Level 5 of the Dungeon
  4428 | D:5      | Found a snail-covered altar of Cheibriados.
  4566 | D:5      | Found a broken altar of Ashenzari.
  4571 | D:5      | Found a hide-covered altar of Uskayaw.
  4844 | D:5      | Reached skill level 5 in Spellcasting
  5599 | D:5      | Identified a scroll of acquirement
  5599 | D:5      | Acquired the amulet of Crawling {Spirit rN+}
  5719 | D:6      | Reached XP level 8. HP: 60/60 MP: 9/15
  5791 | D:6      | Found Bossudd's Lightly-Used Armoury.
  5877 | D:6      | Found a staircase to the Ecumenical Temple.
  5886 | Temple   | Entered the Ecumenical Temple
  5906 | Temple   | Became a worshipper of Sif Muna the Loreminder
  6012 | D:6      | Found a shimmering altar of Xom.
  6416 | D:7      | Learned a level 5 spell: Iskenderun's Battlesphere
  6716 | D:7      | Reached skill level 8 in Conjurations
  7404 | D:7      | Learned a level 3 spell: Stone Arrow
  8456 | D:8      | Reached skill level 9 in Conjurations
  8773 | D:9      | Found a burning altar of Makhleb.
  8806 | D:9      | Noticed a two-headed ogre
  8813 | D:9      | Killed a two-headed ogre
  8814 | D:9      | Reached XP level 9. HP: 67/67 MP: 1/19
  9040 | D:9      | Reached * piety under Sif Muna
  9356 | D:9      | Found a blossoming altar of Fedhas.
  9361 | D:9      | Noticed Maggie
  9374 | D:9      | Reached skill level 5 in Staves
  9382 | D:9      | Killed Maggie
  9382 | D:9      | Noticed Gastronok
  9383 | D:9      | Reached skill level 1 in Earth Magic
  9565 | D:9      | Reached skill level 10 in Conjurations
  9633 | D:9      | Reached skill level 5 in Evocations
  9704 | D:9      | Found an opulent altar of Gozag.
 10075 | D:9      | Mangled by Gastronok

Illustrated notes

Levels and vault maps discovered:
D:1:      scummos_arrival_hexagon, layout_rooms
D:2:      layout_basic, serial_bayou_pond_a
D:3:      layout_basic, nicolae_overflow_hidden_temple, uniq_ijyb
D:4:      layout_basic, mainiacjoe_overflow_brackets, kennysheep_vampire_church,
          uniq_crazy_yiuf_cottage, uniq_menkaure, uniq_pargi
D:5:      layout_basic, minmay_overflow_temple_star_quad, roderic_lattice_a,
          minivault_26, hellmonk_bongcloud_opening, nicolae_figureground_sparkle
D:6:      layout_basic, mainiacjoe_overflow_alcove_2,
          minmay_temple_entry_gardened_gates, minmay_shop_damaged
D:7:      layout_gridville, grunt_decor_cap
D:8:      layout_loops_ring
D:9:      layout_loops_ring, grunt_gozag_statues,
          mainiacjoe_overflow_surrounded_room, mainiacjoe_overflow_alcove_1,
          uniq_gastronok, uniq_maggie
Temple:   nicolae_temple_x_marks_the_god

Skill      XL: |  1  2  3  4  5  6  7  8  9 |
---------------+----------------------------+-----
Conjurations   | 5 6 7 9 10 | 10.2
Evocations     | 1 2 3 4 5 |  5.1
Spellcasting   | 3 4 5 6 7 |  7.5
Staves         | 1 3 4 5 |  5.3
Fighting       | 1 2 |  2.6
Earth Magic    | 1 |  1.7
Dodging        | |  1.9
Stealth        | |  1.9
Unarmed Combat | |  0.1

Action                     |  1- 3 |  4- 6 |  7- 9 || total
---------------------------+-------+-------+-------++-------
  Melee: Unarmed           |     4 |       |       ||     4
         Tailslap          |     1 |     8 |    15 ||    24
         Staff             |       |    68 |   119 ||   187
         Punch             |       |     1 |     2 ||     3
   Cast: Magic Dart        |    81 |    54 |    72 ||   207
         Searing Ray       |       |    10 |    22 ||    32
         Stone Arrow       |       |       |    33 ||    33
         Iskenderun's Batt |       |       |    14 ||    14
    Use: Scroll            |     1 |    10 |     9 ||    20
         Potion            |       |     1 |     5 ||     6
   Stab: Sleeping          |       |     4 |       ||     4
 Armour: Skin              |     3 |    57 |    89 ||   149
  Dodge: Dodged            |     7 |    91 |   139 ||   237

Table legend: (Time is in decaauts)
 A = Elapsed time spent in this place.
 B = Non-inter-level travel time spent in this place.
 C = Inter-level travel time spent in this place.
 D = Time resting spent in this place.
 E = Time spent auto-exploring this place.
 F = Levels seen in this place.
 G = Mean time per level.
                   A        B        C        D        E       F      G
               +--------+--------+--------+--------+--------+-----+--------+
         Total |  10096 |   9797 |    299 |      0 |   8603 |  10 | 1009.6 |
       Dungeon |  10065 |   9766 |    299 |      0 |   8603 |   9 | 1118.3 |
        Temple |     30 |     30 |      0 |      0 |      0 |   1 |   30.0 |
               +--------+--------+--------+--------+--------+-----+--------+

Top non-repeatable levels by time:
     D:5: 1505 daAuts
     D:9: 1310 daAuts
     D:8: 1269 daAuts
     D:4: 1132 daAuts
     D:7: 1116 daAuts
     D:3: 1058 daAuts
     D:2: 1039 daAuts
     D:1: 970 daAuts
     D:6: 663 daAuts
  Temple: 30 daAuts
